TOP OF THE 1ST |
---|
Austin River Sharks batting - Pitching for Jersey Shore D-Bags : RHP Roland Martin | Pitching: RHP Roland Martin | | Batting: LHB Enrico Vargas | 0-0: Swinging Strike 0-1: Ball 1-1: Foul Ball, location: 2F 1-2: Ball 2-2: DOUBLE (Line Drive, 9D) | Batting: RHB Richard Coker | 0-0: Ground out U3 (Groundball, 3L) Enrico Vargas to third | Batting: LHB Greg Nelson | 0-0: Ball 1-0: Foul Ball, location: 2F 1-1: Ball 2-1: Ball 3-1: Foul Ball, location: 2F 3-2: SINGLE (Flyball, 78S) Enrico Vargas scores | Batting: RHB Edward Young | Pickoff Throw to First - Out! 0-0: Ball 1-0: Foul Ball, location: 2F 1-1: Foul Ball, location: 2F 1-2: SINGLE (Groundball, 6MD) | Batting: RHB Pedro Guzmán | 0-0: Single, Error in OF, E9, batter to second base Edward Young to third | Batting: LHB José Liñares | 0-0: Called Strike 0-1: Ball 1-1: Called Strike 1-2: Ball 2-2: Foul Ball, location: 2F 2-2: Ground out 2-3 (Groundball, 15S) | Top of the 1st over - 1 run, 4 hits, 1 error, 2 left on base; Austin 1 - Jersey Shore 0 | BOTTOM OF THE 1ST |
---|
Jersey Shore D-Bags batting - Pitching for Austin River Sharks : RHP António Rijo | Pitching: RHP António Rijo | | Batting: RHB José Pinto | 0-0: Ball 1-0: Ball 2-0: Ball 3-0: Called Strike 3-1: Fly out, F3 (Popup, 23F) | Batting: RHB Ricardo González | 0-0: Ball 1-0: SINGLE (Groundball, 34D) | Batting: RHB Ben Morton | 0-0: Ball 1-0: Foul Ball, location: 2F 1-1: Ball Ricardo González is caught stealing 2nd base 2-1: Ground out 5-3 (Groundball, 56) | Bottom of the 1st over - 0 runs, 1 hit, 0 errors, 0 left on base; Austin 1 - Jersey Shore 0 | TOP OF THE 2ND |
---|
Austin River Sharks batting - Pitching for Jersey Shore D-Bags : RHP Roland Martin | Batting: RHB Dan Wyatt | 0-0: Ball 1-0: Swinging Strike 1-1: Called Strike 1-2: Strikes out swinging | Batting: RHB Andy Aiton | 0-0: Called Strike 0-1: Foul Ball, location: 2F 0-2: Ball 1-2: Ball 2-2: Foul Ball, location: 2F 2-2: Ball 3-2: Strikes out swinging | Batting: RHB Paul Swift | 0-0: Ball 1-0: Ball 2-0: Foul Ball, location: 2F 2-1: Ball 3-1: Foul Ball, location: 2F 3-2: Base on Balls | Batting: LHB Enrico Vargas | 0-0: Ball 1-0: Ball 2-0: Called Strike 2-1: Foul Ball, location: 2F 2-2: Foul Ball, location: 2F 2-2: Ground out 4-3 (Groundball, 4) | Top of the 2nd over - 0 runs, 0 hits, 0 errors, 1 left on base; Austin 1 - Jersey Shore 0 | BOTTOM OF THE 2ND |
---|
Jersey Shore D-Bags batting - Pitching for Austin River Sharks : RHP António Rijo | Batting: RHB Miguel Serna | 0-0: Ball 1-0: Foul Ball, location: 2F 1-1: Ground out 4-3 (Groundball, 4) | Batting: LHB António Cedeño | 0-0: Ball 1-0: Ball 2-0: Ball 3-0: SINGLE (Flyball, 9LM) | Batting: LHB Ray Bryant | 0-0: Ball 1-0: Ball 2-0: Called Strike 2-1: Ball 3-1: Single, Error in OF, E9, batter to second base António Cedeño to third | Batting: RHB Francisco Sandoval | 0-0: Ground out 5-3 (Groundball, 56) António Cedeño scores | Batting: RHB Mike Ingram | 0-0: Called Strike 0-1: Called Strike 0-2: Foul Ball, location: 2F 0-2: Ball 1-2: SINGLE (Line Drive, 89M) Ray Bryant to third Runner from 3rd tries for Home, SAFE, no throw | Batting: RHB Lowie van den Bogaert | 0-0: Ball 1-0: Called Strike 1-1: Swinging Strike 1-2: Foul Ball, location: 2F Balk! Mike Ingram to second 1-2: Foul Ball, location: 2F 1-2: Ball 2-2: Foul Ball, location: 2F 2-2: Ground out 6-3 (Groundball, 6) | Bottom of the 2nd over - 2 runs, 3 hits, 1 error, 1 left on base; Austin 1 - Jersey Shore 2 | TOP OF THE 3RD |
---|
Austin River Sharks batting - Pitching for Jersey Shore D-Bags : RHP Roland Martin | Batting: RHB Richard Coker | 0-0: SINGLE (Line Drive, 3D) | Batting: LHB Greg Nelson | 0-0: SINGLE (Groundball, 34) (infield hit) Richard Coker to second | Batting: RHB Edward Young | 0-0: Ball 1-0: Ball 2-0: SINGLE (Line Drive, 7S) Richard Coker to third Greg Nelson to second | Batting: RHB Pedro Guzmán | 0-0: Ball 1-0: Ball 2-0: Ball 3-0: Called Strike 3-1: Foul Ball, location: 2F 3-2: Fly out, F7 (Flyball, 7) | Batting: LHB José Liñares | 0-0: Called Strike 0-1: Ball 1-1: Called Strike 1-2: Strikes out swinging | Batting: RHB Dan Wyatt | 0-0: Ball 1-0: Foul Ball, location: 2F 1-1: Called Strike 1-2: Ground out 4-3 (Groundball, 4) | Top of the 3rd over - 0 runs, 3 hits, 0 errors, 3 left on base; Austin 1 - Jersey Shore 2 | BOTTOM OF THE 3RD |
---|
Jersey Shore D-Bags batting - Pitching for Austin River Sharks : RHP António Rijo | Batting: RHB José Pinto | 0-0: SINGLE (Groundball, 6) (infield hit) | Batting: RHB Ricardo González | 0-0: Called Strike 0-1: Foul Ball, location: 2F 0-2: Foul Ball, location: 2F 0-2: DOUBLE (Flyball, 89XD) José Pinto to third | Batting: RHB Ben Morton | 0-0: Ball 1-0: Ball 2-0: Fly out, F7 (Flyball, 7S) Runner from 3rd tags up, SCORES, throw made | Batting: RHB Miguel Serna | 0-0: Ball 1-0: Ball 2-0: Called Strike 2-1: Ball 3-1: Fly out, F3 (Popup, 34) | Batting: LHB António Cedeño | 0-0: Called Strike 0-1: SINGLE (Groundball, 6D) Ricardo González to third Runner from 3rd tries for Home, SAFE, no throw | Batting: LHB Ray Bryant | 0-0: Called Strike 0-1: Ball 1-1: Ball 2-1: Swinging Strike 2-2: Foul Ball, location: 2F 2-2: Ball 3-2: Foul Ball, location: 2F 3-2: Strikes out swinging | Bottom of the 3rd over - 2 runs, 3 hits, 0 errors, 1 left on base; Austin 1 - Jersey Shore 4 | TOP OF THE 4TH |
---|
Austin River Sharks batting - Pitching for Jersey Shore D-Bags : RHP Roland Martin | Batting: RHB Andy Aiton | 0-0: Called Strike 0-1: Foul Ball, location: 2F 0-2: Foul Ball, location: 2F 0-2: Ball 1-2: Strikes out swinging | Batting: RHB Paul Swift | 0-0: Ball 1-0: Ball 2-0: Ball 3-0: Called Strike 3-1: Base on Balls | Batting: LHB Enrico Vargas | 0-0: Called Strike 0-1: SINGLE (Line Drive, 4MD) Paul Swift to second Runner from 2nd tries for 3rd, SAFE, throw made to third | Batting: RHB Richard Coker | 0-0: Ball 1-0: Called Strike 1-1: Ball 2-1: Called Strike 2-2: Foul Ball, location: 2F 2-2: Strikes out looking | Batting: LHB Greg Nelson | 0-0: SINGLE (Groundball, 4MS) (infield hit) Paul Swift scores Enrico Vargas to second | Batting: RHB Edward Young | 0-0: Ball 1-0: Called Strike 1-1: Ball 2-1: Called Strike 2-2: Foul Ball, location: 2F 2-2: Foul Ball, location: 2F 2-2: Foul Ball, location: 2F 2-2: SINGLE (Groundball, 3D) Enrico Vargas to third Greg Nelson to second Runner from 3rd tries for Home, SAFE, no throw | Batting: RHB Pedro Guzmán | 0-0: Ball 1-0: Ball 2-0: Swinging Strike 2-1: Foul Ball, location: 2F 2-2: Strikes out swinging | Top of the 4th over - 2 runs, 3 hits, 0 errors, 2 left on base; Austin 3 - Jersey Shore 4 | BOTTOM OF THE 4TH |
---|
Jersey Shore D-Bags batting - Pitching for Austin River Sharks : RHP António Rijo | Batting: RHB Francisco Sandoval | 0-0: Called Strike 0-1: Fly out, F8 (Line Drive, 89D) | Batting: RHB Mike Ingram | 0-0: Foul Ball, location: 2F 0-1: Ball 1-1: SINGLE (Line Drive, 6MD) | Batting: RHB Lowie van den Bogaert | 0-0: Called Strike 0-1: Called Strike Balk! Mike Ingram to second 0-2: Ball 1-2: Ball 2-2: Ball 3-2: Foul Ball, location: 2F 3-2: Foul Ball, location: 2F 3-2: SINGLE (Flyball, 78S) Mike Ingram to third Runner from 3rd tries for Home, SAFE, throw made home | Batting: RHB José Pinto | 0-0: Ball 1-0: Foul Ball, location: 2F 1-1: Ball 2-1: Swinging Strike 2-2: Strikes out swinging | Batting: RHB Ricardo González | 0-0: Called Strike 0-1: Ball 1-1: Foul Ball, location: 2F 1-2: Ball 2-2: Foul Ball, location: 2F 2-2: Ball Wild Pitch! Lowie van den Bogaert to second 3-2: Fly out, F8 (Flyball, 8RM) | Bottom of the 4th over - 1 run, 2 hits, 0 errors, 1 left on base; Austin 3 - Jersey Shore 5 | TOP OF THE 5TH |
---|
Austin River Sharks batting - Pitching for Jersey Shore D-Bags : RHP Roland Martin | Batting: LHB José Liñares | 0-0: Ball 1-0: Ball 2-0: Ball 3-0: Called Strike 3-1: SINGLE (Line Drive, 89S) | Batting: RHB Dan Wyatt | 0-0: Fly out, F3 (Popup, 3) | Batting: RHB Andy Aiton | 0-0: Called Strike 0-1: Grounds into double play, 4-6-3 (Groundball, 4M) | Top of the 5th over - 0 runs, 1 hit, 0 errors, 0 left on base; Austin 3 - Jersey Shore 5 | BOTTOM OF THE 5TH |
---|
Jersey Shore D-Bags batting - Pitching for Austin River Sharks : RHP António Rijo | Batting: RHB Ben Morton | 0-0: Ball 1-0: Foul Ball, location: 2F 1-1: Ball 2-1: Foul Ball, location: 2F 2-2: SINGLE (Line Drive, 9LS) | Pitching: RHP Jean Burrows | | Batting: RHB Miguel Serna | 0-0: Ball 1-0: Called Strike 1-1: Called Strike 1-2: Ball 2-2: Strikes out swinging | Batting: LHB António Cedeño | 0-0: Ball 1-0: Ball 2-0: Ball 3-0: Base on Balls Ben Morton to second | Batting: LHB Ray Bryant | 0-0: Fly out, F7 (Flyball, 78D) | Batting: RHB Francisco Sandoval | 0-0: Fly out, F9 (Line Drive, 9S) | Bottom of the 5th over - 0 runs, 1 hit, 0 errors, 2 left on base; Austin 3 - Jersey Shore 5 | TOP OF THE 6TH |
---|
Austin River Sharks batting - Pitching for Jersey Shore D-Bags : RHP Roland Martin | Batting: RHB Paul Swift | 0-0: Foul Ball, location: 2F 0-1: Ball 1-1: Foul Ball, location: 2F 1-2: Strikes out looking | Batting: LHB Enrico Vargas | 0-0: Swinging Strike 0-1: Ball 1-1: Ground out 4-3 (Groundball, 34) | Now at 2B: Carlos Pérez | | Batting: RHB Richard Coker | 0-0: Ball 1-0: Ground out 4-3 (Groundball, 4) | Top of the 6th over - 0 runs, 0 hits, 0 errors, 0 left on base; Austin 3 - Jersey Shore 5 | BOTTOM OF THE 6TH |
---|
Jersey Shore D-Bags batting - Pitching for Austin River Sharks : RHP Jean Burrows | Batting: RHB Mike Ingram | 0-0: Swinging Strike 0-1: Ball 1-1: Ball 2-1: Ground out 4-3 (Groundball, 4) | Batting: RHB Lowie van den Bogaert | 0-0: Foul Ball, location: 2F 0-1: Foul Ball, location: 2F 0-2: Foul Ball, location: 2F 0-2: Ball 1-2: Ball 2-2: Foul Ball, location: 2F 2-2: Foul Ball, location: 2F 2-2: Ground out 5-3 (Groundball, 25) | Batting: RHB Carlos Pérez | 0-0: Called Strike 0-1: SINGLE (Groundball, 56D) | Batting: RHB Ricardo González | 0-0: Ball 1-0: Swinging Strike 1-1: Ball 2-1: Ball 3-1: Base on Balls Carlos Pérez to second | Batting: RHB Ben Morton | 0-0: Ball 1-0: Fly out, F5 (Popup, 6S) | Bottom of the 6th over - 0 runs, 1 hit, 0 errors, 2 left on base; Austin 3 - Jersey Shore 5 | TOP OF THE 7TH |
---|
Austin River Sharks batting - Pitching for Jersey Shore D-Bags : RHP Roland Martin | Batting: LHB Greg Nelson | 0-0: Called Strike 0-1: Foul Ball, location: 2F 0-2: Foul Ball, location: 2F 0-2: Ground out 4-3 (Groundball, 4) | Batting: RHB Edward Young | 0-0: Foul Ball, location: 2F 0-1: Ball 1-1: Ball 2-1: Ball 3-1: Foul Ball, location: 2F 3-2: Base on Balls | Pitching: LHP Aaron Gibbs | | Batting: RHB Pedro Guzmán | 0-0: Fly out, F4 (Popup, 4) | Batting: LHB José Liñares | 0-0: Fly out, F9 (Flyball, 89D) | Top of the 7th over - 0 runs, 0 hits, 0 errors, 1 left on base; Austin 3 - Jersey Shore 5 | BOTTOM OF THE 7TH |
---|
Jersey Shore D-Bags batting - Pitching for Austin River Sharks : RHP Jean Burrows | Batting: RHB Miguel Serna | 0-0: Ball 1-0: Ball 2-0: Fly out, F8 (Flyball, 8RM) | Batting: LHB António Cedeño | 0-0: Ball 1-0: Called Strike 1-1: Foul Ball, location: 2F 1-2: Ball 2-2: Ground out 6-3 (Groundball, 6) | Batting: LHB Ray Bryant | 0-0: Swinging Strike 0-1: Called Strike 0-2: Foul Ball, location: 2F 0-2: Strikes out looking | Bottom of the 7th over - 0 runs, 0 hits, 0 errors, 0 left on base; Austin 3 - Jersey Shore 5 | TOP OF THE 8TH |
---|
Austin River Sharks batting - Pitching for Jersey Shore D-Bags : LHP Aaron Gibbs | Batting: RHB Dan Wyatt | 0-0: Called Strike 0-1: Ball 1-1: SINGLE (Groundball, 34D) | Batting: RHB Andy Aiton | 0-0: Fly out, F3 (Popup, 23) | Batting: RHB Paul Swift | 0-0: Ball 1-0: DOUBLE (Line Drive, 7D) Dan Wyatt to third Runner from 3rd tries for Home, SAFE, no throw | Pinch Hitting: RHB Júlio Figueroa | 0-0: Ball 1-0: Called Strike 1-1: Foul Ball, location: 2F 1-2: Ball 2-2: Foul Ball, location: 2F 2-2: Ball 3-2: Base on Balls | Pitching: RHP Cristóbal Santos | | Batting: RHB Richard Coker | 0-0: Ball 1-0: Foul Ball, location: 2F 1-1: Swinging Strike 1-2: Ball 2-2: Ball 3-2: Grounds into double play, 5-4-3 (Groundball, 56) | Top of the 8th over - 1 run, 2 hits, 0 errors, 1 left on base; Austin 4 - Jersey Shore 5 | BOTTOM OF THE 8TH |
---|
Jersey Shore D-Bags batting - Pitching for Austin River Sharks : RHP Jean Burrows | Pitching: RHP Edward Cadle | | Now in CF: Harry Pitts | | Batting: RHB Francisco Sandoval | 0-0: Called Strike 0-1: Foul Ball, location: 2F 0-2: Fly out, F3 (Popup, 3SF) | Batting: RHB Mike Ingram | 0-0: Ball 1-0: Ball 2-0: Called Strike 2-1: Foul Ball, location: 2F 2-2: Ball 3-2: Base on Balls | Batting: RHB Lowie van den Bogaert | 0-0: Ball 1-0: Called Strike 1-1: Ball 2-1: Ground out 5-3 (Groundball, 56S) Mike Ingram to second | Pinch Hitting: LHB Albert Morgan | 0-0: Ball 1-0: Ball 2-0: Fly out, F8 (Line Drive, 8RM) | Bottom of the 8th over - 0 runs, 0 hits, 0 errors, 1 left on base; Austin 4 - Jersey Shore 5 | TOP OF THE 9TH |
---|
Austin River Sharks batting - Pitching for Jersey Shore D-Bags : RHP Cristóbal Santos | Pitching: RHP John Hall | | Now at 2B: Kel Pierce | | Batting: LHB Greg Nelson | 0-0: Foul Ball, location: 2F 0-1: SOLO HOME RUN (Flyball, 89XD), Distance : 411 ft | Batting: RHB Edward Young | 0-0: Ball 1-0: Ball 2-0: Ball 3-0: Called Strike 3-1: SOLO HOME RUN (Flyball, 7LD), Distance : 351 ft | Batting: RHB Pedro Guzmán | 0-0: Ball 1-0: SINGLE (Groundball, 4D) | Batting: LHB José Liñares | 0-0: Called Strike 0-1: Bunt - Flyout! F5 | Batting: RHB Dan Wyatt | 0-0: Ball 1-0: Ball 2-0: Ball 3-0: Called Strike 3-1: Base on Balls Pedro Guzmán to second | Batting: RHB Andy Aiton | 0-0: Ball 1-0: Called Strike 1-1: Ball 2-1: Ball 3-1: Foul Ball, location: 2F 3-2: Foul Ball, location: 2F 3-2: Ground out U3 (Groundball, 3) Pedro Guzmán to third Dan Wyatt to second | Batting: RHB Paul Swift | 0-0: Ground out 6-3 (Groundball, 6) | Top of the 9th over - 2 runs, 3 hits, 0 errors, 2 left on base; Austin 6 - Jersey Shore 5 | BOTTOM OF THE 9TH |
---|
Jersey Shore D-Bags batting - Pitching for Austin River Sharks : RHP Edward Cadle | Pitching: RHP Paco Gutiérrez | | Batting: RHB Ricardo González | 0-0: Ball 1-0: Ball 2-0: Called Strike 2-1: Foul Ball, location: 2F 2-2: Fly out, F1 (Popup, 13) | Batting: RHB Ben Morton | 0-0: Ball 1-0: Ground out 4-3 (Groundball, 34D) | Batting: RHB Miguel Serna | 0-0: Ball 1-0: SINGLE (Groundball, 4) (infield hit) | Batting: LHB António Cedeño | 0-0: Ball Wild Pitch! Miguel Serna to second 1-0: Ball 2-0: Ball 3-0: Base on Balls | Batting: LHB Ray Bryant | 0-0: Ball 1-0: Foul Ball, location: 2F 1-1: Ball 2-1: Ball 3-1: Fly out, F2 (Popup, 25F) | Bottom of the 9th over - 0 runs, 1 hit, 0 errors, 2 left on base; Austin 6 - Jersey Shore 5 | |